 Dungeon Crawl Stone Soup version 0.26-a0-259-g1effd001a9 (webtiles) character file.

Game seed: 8688232117478150680

1642 Lugonue the Sneak (level 8, 0/38 HPs)
             Began as a Vine Stalker Necromancer on July 23, 2020.
             Was an Initiate of Kikubaaqudgha.
             Killed from afar by an electric eel (10 damage)
             ... with a bolt of electricity
             ... on level 7 of the Dungeon.
             The game lasted 00:16:35 (5670 turns).

Lugonue the Sneak (Vine Stalker Necromancer)        Turns: 5670, Time: 00:16:38

Health: 0/38       AC:  6    Str: 13    XL:     8   Next: 99%
Magic:  0/16       EV: 13    Int: 15    God:    Kikubaaqudgha [......]
Gold:   220        SH:  4    Dex: 15    Spells: 13/17 levels left

rFire    . . .     SeeInvis .   x - +3 dagger (protect)
rCold    . . .     Faith    .   z - +0 buckler
rNeg     . . .     Spirit   +   a - +1 robe
rPois    .         Reflect  .   (no helmet)
rElec    .         Harm     .   (no cloak)
rCorr    .                      l - +0 pair of gloves
MR       ++...                  k - +1 pair of boots
Stlth    ++++......             (no amulet)
HPRegen  0.52/turn              h - ring of protection from magic
MPRegen  0.15/turn              (no ring)

@: no status effects
A: fangs 3, regeneration 1, magic shield, antimagic bite, no potion heal 3, rot
immunity
a: Renounce Religion


You were on level 7 of the Dungeon.
You worshipped Kikubaaqudgha.
Kikubaaqudgha was noncommittal.
You were not hungry.

You visited 2 branches of the dungeon, and saw 8 of its levels.

You collected 220 gold pieces.

Inventory:

Hand Weapons
 e - a +0 dagger
 x - a +3 dagger of protection (weapon)
Missiles
 d - 10 poisoned darts
 j - 3 curare-tipped darts (quivered)
 n - 3 atropa-tipped darts
Armour
 a - a +1 robe (worn)
 k - a +1 pair of boots (worn)
 l - a +0 pair of gloves (worn)
 z - a +0 buckler (worn)
Jewellery
 h - a ring of protection from magic (left hand)
 o - an uncursed ring of flight
 A - an uncursed ring of resist corrosion
 E - an uncursed ring of ice
Wands
 v - a wand of clouds (5)
 y - a wand of random effects (27)
 B - a wand of digging (5)
Scrolls
 m - a scroll of amnesia
 p - 2 scrolls of remove curse
 w - 2 scrolls of enchant weapon
 C - a scroll of teleportation
Potions
 b - a potion of berserk rage
 f - 2 potions of might
 g - a potion of stabbing
 i - 2 potions of lignification
 q - a potion of cancellation {unknown}
 r - 2 potions of ambrosia {unknown}
 u - 2 potions of brilliance {unknown}
 D - a potion of magic {unknown}
Comestibles
 c - 20 rations


   Skills:
 + Level 1.7 Fighting
 + Level 3.5 Short Blades
 + Level 2.6 Throwing
 + Level 3.1 Dodging
 * Level 7.9 Stealth
 + Level 0.7 Shields
 + Level 5.1 Spellcasting
 + Level 5.8 Necromancy
 + Level 0.7 Evocations


You had 13 spell levels left.
You knew the following spells:

 Your Spells              Type           Power        Failure   Level
a - Pain                  Necr           ###.         2%          1
b - Vampiric Draining     Necr           ###.......   7%          3

Your spell library contained the following spells:

 Spells                   Type           Power        Failure   Level
 Animate Skeleton         Necr           ###...       2%          1
 Animate Dead             Necr           ###.......   22%         4
 Agony                    Necr           ###.....     52%         5


Dungeon Overview and Level Annotations

Branches:
Dungeon (7/15)             Temple (1/1) D:5

Altars:
Ashenzari
Elyvilon
Fedhas
Hepliaklqana
Kikubaaqudgha
Makhleb
Okawaru
Qazlal
Sif Muna
Uskayaw
Vehumet
Xom
Yredelemnul
Zin
The Shining One
Lugonu

Annotations:
D:7 3 runed translucent doors, PeterMcNeter's ghost, novice BaFi


Innate Abilities, Weirdness & Mutations

You have razor-sharp teeth.
Your natural rate of healing is unusually fast.
When hurt, damage is shared between your health and your magic reserves.
Your bite disrupts and absorbs the magic of your enemies.
Potions cannot restore your health.
You are immune to rotting.


Message History

Found a robe.
Found a stormy altar of Qazlal.
Found a stone staircase leading down.
Found a stone staircase leading up.
The orc shouts!
You open the door. 2 electric eels come into view.
There is an open door here.
The electric eel shoots out a bolt of lightning at you!
The bolt of electricity hits the electric eel.
The electric eel completely resists.
The bolt of electricity hits you!
The electric eel shoots out a bolt of lightning at you!
The bolt of electricity hits you! The bolt of electricity hits you.
The electric eel shoots out a bolt of lightning at you!
The bolt of electricity hits the electric eel.
The electric eel completely resists.
The bolt of electricity hits you!
* * * LOW HITPOINT WARNING * * *
The bolt of electricity hits you!
You die...
Kikubaaqudgha rasps: "You have failed me!
Welcome... death!"

..............>
.......####.... #######+
.......# . #≈≈≈≈≈≈.
##...#.# #≈.....
##.###<# . [ #≈....
.......##.#.# #≈..♣
##....... ... #≈..#
.#.###.##.#.#####≈..#
.#.#.......<....@...#
.#.#.#.####.###.#≈..#
.........##.# #.#≈..#
########.##.###.#;..♣
......a#.##..##.#;....
......Z#...#.##.#≈.....
.!...WW+...._..>#≈≈≈≈≈≈.
.)....W+..##.##########+
.$....o+......#


You could see 2 electric eels.

Vanquished Creatures
  A water moccasin (D:7)
  Duvessa (D:5)
  2 ice beasts
  An orc warrior (D:6)
  4 ogres
  2 centaurs (D:5)
  A bullfrog (D:5)
  Dowan (D:5)
  A howler monkey (D:5)
  An orc priest (D:6)
  3 bullfrog skeletons
  A jelly (D:5)
  Natasha (twice) (D:2)
  A centaur skeleton (D:6)
  An iguana (D:4)
  2 orc wizards (D:6)
  3 gnolls (D:5)
  4 adders
  An ooze (D:1)
  2 worms
  7 dart slugs
  5 leopard geckos
  20 orcs
  6 giant cockroaches
  5 goblins
  8 hobgoblins
  7 jackals
  2 quokkas
  A ball python (D:2)
  7 bats (D:1)
  2 frilled lizards
  10 kobolds
  A quokka skeleton (D:4)
  A quokka zombie (D:5)
  5 rats
122 creatures vanquished.

Notes
Turn   | Place    | Note
-------+----------+-------------------------------------------
     0 | D:1      | Lugonue the Vine Stalker Necromancer began the quest for
                  | the Orb.
     0 | D:1      | Reached XP level 1. HP: 9/9 MP: 4/4
   348 | D:1      | Reached XP level 2. HP: 12/13 MP: 3/6
   447 | D:1      | Reached skill level 3 in Stealth
  1046 | D:1      | Reached XP level 3. HP: 8/16 MP: 1/7
  1967 | D:2      | Found a hazy altar of Hepliaklqana.
  2010 | D:2      | Gained mutation: Your natural rate of healing is unusually
                  | fast. [Vine Stalker growth]
  2010 | D:2      | Reached XP level 4. HP: 10/21 MP: 1/9
  2209 | D:2      | Found a stormy altar of Qazlal.
  2211 | D:2      | Noticed a water elemental
  2213 | D:2      | Noticed an earth elemental
  2213 | D:2      | Noticed an air elemental
  2213 | D:2      | Noticed a fire elemental
  2214 | D:2      | Noticed Natasha
  2229 | D:1      | Learned a level 3 spell: Vampiric Draining
  2255 | D:2      | Killed Natasha
  2255 | D:2      | Reached skill level 4 in Stealth
  2495 | D:2      | Noticed Natasha
  2513 | D:2      | Killed Natasha
  2513 | D:2      | Reached XP level 5. HP: 22/25 MP: 8/10
  2576 | D:3      | Found a white marble altar of Elyvilon.
  2953 | D:3      | Found a basalt altar of Yredelemnul.
  3029 | D:3      | Reached skill level 1 in Short Blades
  3148 | D:3      | Reached skill level 5 in Stealth
  3336 | D:4      | Found a hide-covered altar of Uskayaw.
  3338 | D:4      | Noticed a +0 dagger
  3339 | D:4      | Noticed a +0 dagger
  3556 | D:4      | Noticed an ogre
  3582 | D:4      | Reached XP level 6. HP: 24/29 MP: 8/11
  3659 | D:4      | Reached skill level 1 in Fighting
  3919 | D:4      | Reached skill level 5 in Necromancy
  3927 | D:4      | Found a glowing silver altar of Zin.
  3968 | D:4      | Found a burning altar of Makhleb.
  4033 | D:4      | Reached XP level 7. HP: 33/33 MP: 13/13
  4178 | D:5      | Entered Level 5 of the Dungeon
  4203 | D:5      | Reached skill level 1 in Throwing
  4215 | D:5      | Reached skill level 6 in Stealth
  4222 | D:5      | Noticed Duvessa
  4223 | D:5      | Noticed Dowan
  4250 | D:5      | Killed Duvessa
  4251 | D:5      | Killed Dowan
  4347 | D:5      | Gained mutation: You have razor-sharp teeth. [Vine Stalker
                  | growth]
  4347 | D:5      | Reached XP level 8. HP: 25/37 MP: 0/15
  4400 | D:5      | Found a staircase to the Ecumenical Temple.
  4504 | Temple   | Entered the Ecumenical Temple
  4554 | Temple   | Became a worshipper of Kikubaaqudgha
  4677 | D:5      | Reached skill level 7 in Stealth
  4978 | D:5      | Found a glowing golden altar of the Shining One.
  5146 | D:6      | Found a shattered altar of Ashenzari.
  5172 | D:6      | Reached skill level 5 in Spellcasting
  5642 | D:7      | Found a runed translucent gate.
  5642 | D:7      | Found a runed translucent gate.
  5642 | D:7      | Found a runed translucent gate.
  5643 | D:7      | Noticed PeterMcNeter's ghost (novice BaFi)
  5644 | D:7      | Noticed a wraith
  5651 | D:7      | Found a stormy altar of Qazlal.
  5670 | D:7      | Killed from afar by an electric eel

Illustrated notes

Levels and vault maps discovered:
D:1:      kennysheep_arrival_seaside, layout_basic
D:2:      layout_basic, nicolae_overflow_crystal_walls, first_ration,
          nicolae_qazlal_style_of_elements, uniq_natasha
D:3:      layout_loops_ring, old_standard_altar, overflow_temple_1_default
D:4:      layout_basic, lightli_temple_of_fire, dancing_weapons_uskayaw,
          lemuel_doored_altar, hangedman_decor_peaks_small, st_stairs_1
D:5:      layout_rooms, kennysheep_mini_moat, temple_pool_b, uniq_duvessa
D:6:      layout_gridville, grunt_temple_overflow_opulence,
          lemuel_crystal_altar, lemuel_crystal_altar, serial_park_tiny_2,
          minmay_microvault
D:7:      minmay_polygon_palace, layout_basic, lemuel_coloured_pillars_altar,
          lemuel_crystal_altar, lemuel_crystal_altar, gammafunk_ghost_split,
          kennysheep_path_1
Temple:   corrupted_temple

Skill      XL: |  1  2  3  4  5  6  7  8 |
---------------+-------------------------+-----
Stealth        | 3 4 5 6 7 |  7.9
Dodging        | 2 3 |  3.1
Spellcasting   | 3 4 5 |  5.1
Short Blades   | 1 2 3 |  3.5
Fighting       | 1 |  1.7
Necromancy     | 5 |  5.8
Throwing       | 1 2 |  2.6
Shields        | |  0.7
Evocations     | |  0.7

Action                   |  1- 3 |  4- 6 |  7- 9 || total
-------------------------+-------+-------+-------++-------
Melee: Dagger            |    85 |   154 |   113 ||   352
       Bite              |    15 |    42 |    25 ||    82
Throw: Dart              |       |    11 |    29 ||    40
 Cast: Pain              |    23 |    36 |    29 ||    88
       Vampiric Draining |       |     2 |     3 ||     5
Evoke: Wand              |       |       |     9 ||     9
  Use: Scroll            |     3 |     6 |     8 ||    17
       Potion            |       |       |     1 ||     1
 Stab: Sleeping          |    11 |     4 |     7 ||    22
       Confused          |       |       |     4 ||     4
  Eat: Ration            |     1 |     2 |     1 ||     4
Armor: Robe              |    34 |    55 |    54 ||   143
Dodge: Dodged            |    80 |    95 |    75 ||   250
Block: Buckler           |       |       |    25 ||    25

Table legend:
 A = Non-vault XP
 B = Vault XP
 C = Vault XP percentage of total XP
 D = Non-vault monster count
 E = Vault monster count
 F = Vault count percentage of total count
                 A         B        C        D         E       F
            +---------+---------+-------+---------+---------+-------
      Total |    2080 |     266 |  11.3 |     117 |       5 |   4.1
            +---------+---------+-------+---------+---------+-------
        D:1 |      52 |       0 |   0.0 |      29 |       0 |   0.0
        D:2 |      86 |      37 |  30.1 |      15 |       1 |   6.2
        D:3 |     108 |       0 |   0.0 |      25 |       0 |   0.0
        D:4 |     340 |       6 |   1.7 |      12 |       2 |  14.3
        D:5 |     913 |     223 |  19.6 |      24 |       2 |   7.7
        D:6 |     436 |       0 |   0.0 |      11 |       0 |   0.0
        D:7 |     145 |       0 |   0.0 |       1 |       0 |   0.0
            +---------+---------+-------+---------+---------+-------
